 Dungeon Crawl Stone Soup version 0.17-a0-1910-g4c791fa (webtiles) character file.

11530 Gruud the Cleaver (level 11, -10/93 HPs)
             Began as a Demonspawn Necromancer on Sept 25, 2015.
             Was a Priest of Qazlal.
             Mangled by Snorg (14 damage)
             ... on level 11 of the Dungeon.
             The game lasted 00:55:57 (7163 turns).

Gruud the Cleaver (Demonspawn Necromancer)          Turns: 7163, Time: 00:55:57

Health: -10/93     AC: 11    Str: 16    XL:     11   Next: 50%
Magic:  0/14       EV: 16    Int: 17    God:    Qazlal [***...]
Gold:   483        SH:  4    Dex: 14    Spells: 6 memorised, 2 levels left

rFire  . . .     SeeInvis .     a - +0 war axe
rCold  . . .     Clarity  .     R - +1 leather armour {rPois}
rNeg   . . .     SustAt   .     (no shield)
rPois  +         Gourm    +     k - +0 helmet
rElec  .         Spirit   +     j - +1 cloak
rCorr  .         Warding  .     (no gloves)
rMut   .         Stasis   .     S - +0 pair of boots
MR     .....                    O - amulet of the gourmand
Stlth  ++........               e - ring of stealth
                                F - ring of wizardry

@: mighty, not resistant to hostile enchantments, unstealthy
A: rugged brown scales 3, magic shield, magic regeneration, rot immunity
a: Upheaval, Elemental Force, Renounce Religion


You were on level 11 of the Dungeon.
You worshipped Qazlal.
Qazlal was most pleased with you.
You were full.

You visited 2 branches of the dungeon, and saw 12 of its levels.

You collected 483 gold pieces.

Inventory:

Hand weapons
 a - a +0 war axe (weapon)
 A - a +0 blowgun
 C - the +5 long sword "Otzub" {slice, rN+ MP+9 SInv}
   (You found it on level 5 of the Dungeon)

   It inflicts extra damage upon your enemies.
   It protects you from negative energy.
   It affects your magic capacity (+9).
   It lets you see invisible.
Missiles
 d - 392 stones (quivered)
 r - 6 needles of confusion
 J - 25 poisoned needles
Armour
 j - a +1 cloak (worn)
 k - a +0 helmet (worn)
 Q - a +0 plate armour
 R - a +1 leather armour of poison resistance (worn)
 S - a +0 pair of boots (worn)
Jewellery
 e - a ring of stealth (right hand)
 w - an uncursed ring of flight
 F - a ring of wizardry (left hand)
 L - an uncursed amulet of resist corrosion {unknown}
 O - an amulet of the gourmand (around neck)
Magical devices
 l - a wand of frost (22)
 B - a wand of digging (11)
 X - a wand of confusion (32)
 Z - a wand of digging (6)
Scrolls
 f - 2 scrolls of enchant armour
 g - a scroll of magic mapping
 m - 2 scrolls of teleportation
 o - a scroll of noise
 q - a scroll of fog {unknown}
 u - a scroll of recharging {unknown}
 x - a scroll of fear
 y - 4 scrolls of remove curse
 E - a scroll of amnesia {unknown}
 I - a scroll of blinking {unknown}
 U - a scroll of random uselessness {unknown}
 W - a scroll of enchant weapon {unknown}
Potions
 h - 2 potions of resistance
 i - 4 potions of curing
 p - a potion of mutation {unknown}
 s - a potion of haste
 v - a potion of heal wounds {unknown}
 z - 2 potions of lignification
 G - 3 potions of flight
 H - a potion of ambrosia {unknown}
 K - 3 potions of might
 M - a potion of brilliance {unknown}
 P - a potion of cancellation {unknown}
 T - a potion of agility {unknown}
Books
 n - a book of Necromancy

   Spells                             Type                      Level
   a - Pain                           Necromancy                   1
   b - Animate Skeleton               Necromancy                   1
   c - Vampiric Draining              Necromancy                   3
   d - Regeneration                   Charms/Necromancy            3
   e - Animate Dead                   Necromancy                   4
   f - Control Undead                 Necromancy                   4
Comestibles
 b - 2 chunks of flesh
 c - 10 bread rations
 t - 2 slices of pizza
 D - 3 meat rations
 N - a beef jerky
 V - 11 royal jellies


   Skills:
 + Level 8.8 Fighting
 * Level 10.9 Axes
 + Level 3.7 Armour
 + Level 8.0 Dodging
 - Level 1.7 Stealth
 - Level 2.5 Spellcasting
 - Level 7.1 Necromancy


You had 2 spell levels left.
You knew the following spells:

 Your Spells              Type           Power        Failure   Level  Hunger
a - Pain                  Necr           ####         1%          1    #......
b - Animate Skeleton      Necr           N/A          1%          1    #......
c - Vampiric Draining     Necr           ####......   1%          3    ###....
d - Regeneration          Chrm/Necr      ##........   7%          3    ###....
e - Summon Butterflies    Summ           #.......     10%         1    #......
f - Animate Dead          Necr           N/A          6%          4    #####..


Dungeon Overview and Level Annotations

Branches:
Dungeon (11/15)            Temple (1/1) D:6
   Lair: D:8-11         Orc: D:9-12

Altars:
Ashenzari
Cheibriados
Dithmenos
Elyvilon
Fedhas
Gozag
Kikubaaqudgha
Nemelex Xobeh
Okawaru
Qazlal
Trog
Vehumet
Xom
Yredelemnul
Zin
The Shining One

Annotations:
D:4 Menkaure
D:11 Josephine; Snorg; kosy22's ghost, powerful MiBe


Innate Abilities, Weirdness & Mutations

You are completely covered in rugged brown scales (AC +3, +7% HP).
When hurt, damage is shared between your health and your magic reserves.
You regenerate magic rapidly.
You are immune to rotting.


Message History

Confirm with . or Enter, or press ? or * to list all spells.
Aiming: Vampiric Draining
Press: ? - help, Shift-Dir - straight line, f/p - Snorg
Aim: Snorg (almost dead, berserk, fast, unusually strong) Snorg is almost dead.
You feel life coursing into your body. Snorg bites you!
Snorg barely misses you. Snorg claws you!
* * * LOW HITPOINT WARNING * * *
Snorg misses you. Snorg claws you!
* * * LOW HITPOINT WARNING * * *
Snorg closely misses you.
You closely miss Snorg.
Snorg is almost dead.
Snorg bites you!
* * * LOW HITPOINT WARNING * * *
Snorg closely misses you. Snorg claws you but does no damage.
You slash Snorg!
Snorg is almost dead.
Snorg bites you!
You die...

#...(.#..# #.#.(W#..#
#.#...#..# #[....#..########
#.....#.........
#.###(#........ #.#
#.#........ #.###)').###T###
#.....#####.@..#
#.........#.ยง..#######..#
#.........#....#...)....#
#..#.@.##.'....'...##...#....
#..#......#....#...##...#....
#.........######.............
#...W.############'###.......
#.###.#..............#.......
#.###[#..............#.......


You could see Snorg (berserk).

Vanquished Creatures
  Erica (D:8)
  Pikel (D:5)
  A hill giant (D:11)
  An ugly thing (D:11)
  Maurice (D:11)
  Joseph (D:10)
  A gargoyle (D:11)
  2 kobold demonologists (D:11)
  2 centaur skeletons (D:11)
  A troll (D:9)
  A slime creature (D:11)
  A trapdoor spider (D:11)
  4 yaks (D:11)
  2 wyverns (D:8)
  2 hungry ghosts (D:10)
  A hippogriff (D:10)
  A water moccasin (D:8)
  A wasp (D:9)
  2 orc warriors
  2 ice beasts
  An eye of draining (D:11)
  3 black bears
  8 ogres
  5 sky beasts
  3 slaves (D:5)
  13 centaurs
  3 big kobolds
  4 giant frogs
  4 jellies
  A gnoll sergeant (D:10)
  6 killer bees (D:8)
  A scorpion (D:11)
  An electric eel (D:6)
  5 wights
  4 hounds
  4 crimson imps
  5 iguanas
  An orc priest (D:6)
  A quasit (D:11)
  2 giant frog skeletons
  A centaur zombie (D:10)
  An orc wizard (D:3)
  Jessica (D:2)
  3 worker ants
  A hound zombie (D:7)
  2 hound skeletons
  7 gnolls
  6 adders
  A shadow imp (D:11)
  5 oozes (D:11)
  An adder skeleton (D:4)
  2 worms (D:4)
  25 orcs
  2 ball pythons
  7 bats
  2 giant cockroaches (D:3)
  6 goblins
  4 hobgoblins
  14 jackals
  5 quokkas
  7 giant geckos
  4 giant newts
  A jackal skeleton (D:5)
  16 kobolds
  A quokka skeleton (D:4)
  A quokka zombie (D:9)
  2 rats
232 creatures vanquished.

Vanquished Creatures (collateral kills)
  The ghost of George the Carver, an experienced DsGl of Okawaru (D:9)
  A trapdoor spider zombie (D:6)
  A hungry ghost (D:10)
  A hippogriff (D:10)
  A slave (D:5)
  A phantom (D:8)
  A centaur (D:7)
  A water moccasin zombie (D:6)
  A gnoll sergeant (D:8)
  A scorpion (D:7)
  An orc wizard (D:9)
  A worker ant (D:5)
  A centaur skeleton (D:8)
  3 gnolls
  4 orcs
  4 kobolds
  A giant newt (D:3)
  A quokka (D:11)
  A rat (D:3)
27 creatures vanquished.

Grand Total: 259 creatures vanquished

Notes
Turn   | Place    | Note
--------------------------------------------------------------
     0 | D:1      | Gruud the Demonspawn Necromancer began the quest for the Orb.
     0 | D:1      | Reached XP level 1. HP: 13/13 MP: 3/3
     2 | D:1      | Learned a level 1 spell: Animate Skeleton
   536 | D:1      | Gained mutation: When hurt, damage is shared between your health and your magic reserves. [demonic ancestry]
   536 | D:1      | Reached XP level 2. HP: 17/19 MP: 1/5
   549 | D:1      | Reached skill level 5 in Necromancy
   706 | D:2      | Noticed Jessica
   712 | D:2      | Killed Jessica
   712 | D:2      | Gained mutation: You are immune to rotting. [demonic ancestry]
   712 | D:2      | Reached XP level 3. HP: 13/24 MP: 2/6
   763 | D:2      | Learned a level 3 spell: Vampiric Draining
  1148 | D:3      | Reached XP level 4. HP: 8/31 MP: 1/7
  1217 | D:3      | Found a shattered altar of Ashenzari.
  1304 | D:3      | Reached skill level 1 in Fighting
  1304 | D:3      | Reached skill level 6 in Necromancy
  1373 | D:3      | HP: 1/32 [orc/dagger (7)]
  1426 | D:3      | Learned a level 3 spell: Regeneration
  1476 | D:3      | Found a blossoming altar of Fedhas.
  1721 | D:4      | Noticed Menkaure
  1750 | D:5      | Entered Level 5 of the Dungeon
  1766 | D:4      | Noticed an ogre
  1774 | D:4      | Killed an ogre
  1774 | D:4      | Gained mutation: You regenerate magic rapidly. [demonic ancestry]
  1774 | D:4      | Reached XP level 5. HP: 35/38 MP: 0/8
  1838 | D:4      | Found a white marble altar of Elyvilon.
  2100 | D:4      | Noticed a moth of wrath
  2250 | D:5      | Found a snail-covered altar of Cheibriados.
  2289 | D:5      | Found a glowing golden altar of the Shining One.
  2295 | D:5      | Found a basalt altar of Yredelemnul.
  2302 | D:5      | Noticed a profane servitor
  2322 | D:5      | Reached skill level 7 in Necromancy
  2322 | D:5      | Gained mutation: You are partially covered in rugged brown scales (AC +1, +3% HP). [demonic ancestry]
  2322 | D:5      | Reached XP level 6. HP: 33/47 MP: 9/9
  2398 | D:5      | Noticed a slave
  2400 | D:5      | Noticed a slave
  2401 | D:5      | Noticed Pikel
  2420 | D:5      | Killed a slave
  2421 | D:5      | Noticed a slave
  2423 | D:5      | Noticed a slave
  2435 | D:5      | Killed a slave
  2442 | D:5      | Killed a slave
  2478 | D:5      | Killed a slave
  2480 | D:5      | Killed Pikel
  2480 | D:5      | Reached XP level 7. HP: 32/53 MP: 0/10
  2522 | D:5      | Got a steaming long sword
  2526 | D:5      | Identified the +5 long sword "Otzub" {slice, rN+ MP+9 SInv} (You found it on level 5 of the Dungeon)
  2602 | D:6      | Found a sparkling altar of Nemelex Xobeh.
  2663 | D:6      | Found a staircase to the Ecumenical Temple.
  2672 | Temple   | Entered the Ecumenical Temple
  2825 | D:6      | Gained mutation: You are mostly covered in rugged brown scales (AC +2, +5% HP). [demonic ancestry]
  2825 | D:6      | Reached XP level 8. HP: 40/63 MP: 11/11
  2879 | D:6      | You fall through a shaft!
  2985 | D:7      | Found an ancient bone altar of Kikubaaqudgha.
  3051 | D:7      | Reached skill level 5 in Axes
  3240 | D:7      | Reached skill level 5 in Fighting
  3473 | D:7      | Found a blossoming altar of Fedhas.
  3593 | D:6      | Gained mutation: You are completely covered in rugged brown scales (AC +3, +7% HP). [demonic ancestry]
  3593 | D:6      | Reached XP level 9. HP: 43/72 MP: 12/12
  3619 | D:6      | Reached skill level 5 in Dodging
  3895 | D:6      | Learned a level 1 spell: Summon Butterflies
  3902 | D:6      | Learned a level 4 spell: Animate Dead
  4175 | Temple   | Became a worshipper of Qazlal Stormbringer
  4383 | D:8      | Found an iron altar of Okawaru.
  4422 | D:8      | Noticed an angel
  4423 | D:8      | Found a shimmering altar of Xom.
  4426 | D:8      | Found a glowing silver altar of Zin.
  4444 | D:8      | Reached skill level 8 in Axes
  4664 | D:8      | Noticed Erica
  4689 | D:8      | Killed Erica
  4689 | D:8      | Reached XP level 10. HP: 42/84 MP: 13/13
  5102 | D:9      | Reached skill level 9 in Axes
  5174 | D:9      | Noticed George's ghost (experienced DsGl)
  5187 | D:9      | Killed George's ghost
  5187 | D:9      | Acquired Qazlal's first power
  5311 | D:10     | Entered Level 10 of the Dungeon
  5586 | D:10     | Noticed Joseph
  5598 | D:10     | Killed Joseph
  5598 | D:10     | Reached skill level 1 in Armour
  5755 | D:10     | Acquired Qazlal's second power
  6009 | D:10     | Reached skill level 10 in Axes
  6232 | D:11     | Noticed Maurice
  6252 | D:11     | Killed Maurice
  6252 | D:11     | Reached XP level 11. HP: 74/92 MP: 9/14
  6394 | D:11     | Noticed a hill giant
  6404 | D:11     | Killed a hill giant
  6589 | D:11     | Noticed a green ugly thing
  6602 | D:11     | Noticed Josephine
  6616 | D:11     | Killed a green ugly thing
  6616 | D:11     | Acquired Qazlal's third power
  6664 | D:11     | Noticed kosy22's ghost (powerful MiBe)
  6679 | D:11     | Noticed a brown ugly thing
  7149 | D:11     | Noticed Snorg
  7162 | D:11     | HP: 3/93 [Snorg (7)]
  7163 | D:11     | Mangled by Snorg

Vault maps used:
D:1:      dpeg_arrival_three_same_balls, minmay_misc_feat_chi
D:2:      kennysheep_generic_room_2, uniq_jessica
D:3:      nicolae_overflow_hidden_temple, first_bread, minmay_misc_feat_alley,
          fedhas_altar_2
D:4:      overflow_temple_1_default, led_sif_book, tgw_trog, uniq_duvessa,
          uniq_menkaure
D:5:      grunt_temple_overflow_holy_war, hangedman_ru_absence,
          cheibriados_altar_wand_db, uniq_pikel
D:6:      lemuel_doored_altar, minmay_temple_entry_grid, lightli_minifort
D:7:      lemuel_round_altar, kiku_gazebo_pond_becter, kennysheep_little_box
D:8:      grunt_temple_overflow_order_and_chaos_1, old_standard_altar,
          uniq_erica, uniq_gastronok
D:10:     uniq_joseph
D:11:     david_lair_generic, orc_0_dummy, hangedman_little_slice_of_home,
          uniq_maurice, uniq_snorg, uniq_josephine
Temple:   nicolae_temple_hex_pool_5

Action                   |  1- 3 |  4- 6 |  7- 9 | 10-12 || total
-------------------------+-------+-------+-------+-------++-------
Melee: Dagger            |    41 |   138 |       |       ||   179
       Hand axe          |       |    50 |       |       ||    50
       Long sword        |       |       |   246 |   264 ||   510
       War axe           |       |       |       |   154 ||   154
 Fire: Hunting sling     |     4 |     5 |       |       ||     9
       Blowgun           |       |       |       |     6 ||     6
 Cast: Pain              |    42 |    20 |    13 |    12 ||    87
       Animate Skeleton  |     9 |    13 |    29 |    24 ||    75
       Vampiric Draining |     1 |    11 |    25 |    31 ||    68
       Regeneration      |       |     6 |    15 |    27 ||    48
       Animate Dead      |       |       |       |     4 ||     4
  Use: Scroll            |     3 |     3 |     6 |     5 ||    17
       Potion            |       |       |       |     4 ||     4
 Stab: Sleeping          |     1 |     2 |     7 |       ||    10
       Distracted        |       |       |     2 |     1 ||     3
  Eat: Chunk             |     1 |     6 |    13 |    30 ||    50
       Beef jerky        |       |     1 |       |       ||     1
